 Dungeon Crawl Stone Soup version 0.27-a0-1136-g0b992a5a9d (webtiles) character file.

Game seed: 10392617520279473583

117 reriks the Conjurer (level 4, 0/24 HPs)
             Began as a Deep Elf Conjurer on May 5, 2021.
             Slain by an ogre
             ... wielding a +0 giant club
              (12 damage)
             ... on level 4 of the Dungeon.
             The game lasted 00:04:01 (4418 turns).

reriks the Conjurer (Deep Elf Conjurer)             Turns: 4418, Time: 00:04:02

Health: 0/24       AC:  8    Str:  4    XL:     4   Next: 71%
Magic:  12/12      EV: 13    Int: 24    God:
Gold:   131        SH:  0    Dex: 13    Spells: 10/11 levels left

rFire    . . .     SeeInvis .   b - +0 dagger
rCold    . . .     Faith    .   (no shield)
rNeg     . . .     Spirit   .   a - +0 robe
rPois    .         Reflect  .   (no helmet)
rElec    .         Harm     .   (no cloak)
rCorr    .         Rampage  .   (no gloves)
Will     .....                  c - +1 pair of boots
Stlth    ++........             (no amulet)
HPRegen  0.08/turn              j - +4 ring of protection
MPRegen  0.13/turn              (no ring)

@: no status effects
A: no striking features
a: no special abilities


You were on level 4 of the Dungeon.
You visited 1 branch of the dungeon, and saw 4 of its levels.

You collected 131 gold pieces.

Inventory:

Hand Weapons
 b - a +0 dagger (weapon)
Armour
 a - a +0 robe (worn)
 c - a +1 pair of boots (worn)
Jewellery
 j - a +4 ring of protection (left hand)
Wands
 l - a wand of polymorph (3)
Scrolls
 d - a scroll of fog
 e - a scroll of fear
 f - a scroll of brand weapon
 k - a scroll of noise
 n - a scroll of identify
Potions
 g - a potion of degeneration {unknown}
 i - 2 potions of lignification {unknown}
 m - a potion of heal wounds {unknown}


   Skills:
 + Level 3.7 Dodging
 + Level 3.8 Stealth
 + Level 4.2 Spellcasting
 + Level 5.0 Conjurations


You had 10 spell levels left.
You knew the following spells:

 Your Spells              Type           Power      Damage    Failure   Level
a - Magic Dart            Conj           100%       1d8       1%          1

Your spell library contained the following spells:

 Spells                   Type           Power      Damage    Failure   Level
 Searing Ray              Conj           58%        3d5       1%          2
 Dazzling Flash           Conj/Hex       34%        N/A       10%         3
 Fulminant Prism          Conj/Hex       8%         3d7       32%         4
 Iskenderun's Mystic Bla  Conj/Tloc      17%        2d5       32%         4


Dungeon Overview and Level Annotations

Branches:
Dungeon (4/15)
 Temple: D:4-7

Altars:
Fedhas
Xom
Zin


Message History

Casting: Magic Dart (safe; 1% risk of failure)
Confirm with . or Enter, or press ? or * to list all spells.
Aiming: Magic Dart (safe; 1% risk of failure)
Press: ? - help, Shift-Dir - straight line, f/p - ogre
Aim: an ogre, wielding a +0 giant club (moderately wounded, 100% to hit)
The magic dart hits the ogre.
The ogre is heavily wounded.
The endoplasm quivers.
Casting: Magic Dart (safe; 1% risk of failure)
Confirm with . or Enter, or press ? or * to list all spells.
Aiming: Magic Dart (safe; 1% risk of failure)
Press: ? - help, Shift-Dir - straight line, f/p - ogre
Aim: an ogre, wielding a +0 giant club (heavily wounded, 100% to hit)
The magic dart hits the ogre.
The ogre is heavily wounded.
Casting: Magic Dart (safe; 1% risk of failure)
Confirm with . or Enter, or press ? or * to list all spells.
Aiming: Magic Dart (safe; 1% risk of failure)
Press: ? - help, Shift-Dir - straight line, f/p - ogre
Aim: an ogre, wielding a +0 giant club (heavily wounded, 100% to hit)
The magic dart hits the ogre.
The ogre is heavily wounded.
Things that are here:
a +0 short sword; a kobold skeleton You see here an adder skeleton.
Aiming: Polymorph
Press: ? - help, Shift-Dir - straight line, f/p - ogre
Aim: an ogre, wielding a +0 giant club (heavily wounded, will become a sky beast, a worm, or a scorpion, chance to affect: 46%)
The ogre resists with some effort.
The ogre hits you with a +0 giant club!
Ouch! That really hurt!
Aiming: Polymorph
Press: ? - help, Shift-Dir - straight line, f/p - ogre
Aim: an ogre, wielding a +0 giant club (heavily wounded, will become a sky beast, a worm, or a scorpion, chance to affect: 46%)
The ogre resists with some effort.
Aiming: Polymorph
Press: ? - help, Shift-Dir - straight line, f/p - ogre
Aim: an ogre, wielding a +0 giant club (heavily wounded, will become a sky beast, a worm, or a scorpion, chance to affect: 46%)
The ogre resists with some effort.
The ogre hits you with a +0 giant club!
Ouch! That really hurt!
You die...

.#.# ..# .#.#
..# .#.##.# ..#
##....#.. #.#
#....... #.#
#.....# #.#
#..#.#
#.###)...##.#
#<@O........#
#####).########
#..######.##
#..........####
.#
#..............
..#
#J######.######
#.# #.# #.# #.#
#.# #.# #.# #.#
#.#


You could see an ogre.

Vanquished Creatures
  3 adders
  2 worms
  A dart slug (D:1)
  5 orcs (D:3)
  4 endoplasms
  9 goblins
  4 hobgoblins
  7 jackals
  8 kobolds
  7 quokkas
  7 ball pythons
  5 bats
  5 frilled lizards
  8 rats
75 creatures vanquished.

Notes
Turn   | Place    | Note
-------+----------+-------------------------------------------
     0 | D:1      | reriks the Deep Elf Conjurer began the quest for the Orb.
     0 | D:1      | Reached XP level 1. HP: 10/10 MP: 6/6
   558 | D:1      | Reached XP level 2. HP: 15/15 MP: 4/8
  1030 | D:1      | Found a faded altar of an unknown god.
  1185 | D:1      | Reached XP level 3. HP: 19/19 MP: 2/10
  1831 | D:2      | Found a blossoming altar of Fedhas.
  2870 | D:3      | Found a shimmering altar of Xom.
  2870 | D:3      | Noticed an angel
  2872 | D:3      | Found a glowing silver altar of Zin.
  3006 | D:3      | Reached XP level 4. HP: 24/24 MP: 7/11
  3598 | D:3      | Noticed Terence
  3606 | D:3      | Noticed Terence
  3606 | D:3      | Terence changed into Terence the orc
  3607 | D:3      | Killed Terence the orc
  3608 | D:3      | Reached skill level 5 in Conjurations
  4372 | D:4      | Noticed an ogre
  4418 | D:4      | Slain by an ogre

Illustrated notes

Levels and vault maps discovered:
D:1:      dpeg_arrival_leaves_temple_mockup, layout_loops_ring,
          basic_ecumenical_altar
D:2:      layout_loops_ring, basic_altar, grunt_ministairs_7, chequers_jeans
D:3:      layout_loops_ring, grunt_temple_overflow_order_and_chaos_1,
          uniq_terence
D:4:      layout_loops_ring, mrwooster_statue_mirror

Skill      XL: |  1  2  3  4 |
---------------+-------------+-----
Stealth        | 3 |  3.8
Dodging        | 3 |  3.7
Spellcasting   | 4 |  4.2
Conjurations   | 5 |  5.0

Action                   |  1- 3 |  4- 6 || total
-------------------------+-------+-------++-------
 Cast: Magic Dart        |   107 |    45 ||   152
Evoke: Wand              |       |     4 ||     4
  Use: Scroll            |     3 |     2 ||     5
Armor: Robe              |     2 |     2 ||     4
Dodge: Dodged            |     6 |     2 ||     8

Table legend: (Time is in decaauts)
 A = Elapsed time spent in this place.
 B = Non-inter-level travel time spent in this place.
 C = Inter-level travel time spent in this place.
 D = Time resting spent in this place.
 E = Time spent auto-exploring this place.
 F = Levels seen in this place.
 G = Mean time per level.
                   A        B        C        D        E       F      G
               +--------+--------+--------+--------+--------+-----+--------+
         Total |   4416 |   4364 |     52 |   2185 |   1847 |   4 | 1104.0 |
       Dungeon |   4416 |   4364 |     52 |   2185 |   1847 |   4 | 1104.0 |
               +--------+--------+--------+--------+--------+-----+--------+

Top non-repeatable levels by time:
     D:1: 1498 daAuts
     D:2: 1266 daAuts
     D:3: 1252 daAuts
     D:4: 398 daAuts
